[Event "Titled Tuesday Blitz June 20 Early 2023"]
[White "Agibileg, Uurtsaikh"]
[Black "Wang, Alexander J"]
[WhiteFideId "4901606"]
[BlackFideId "30955270"]
[WhiteElo "2353"]
[BlackElo "2318"]
[Result "1-0"]
[Round "7"]
[TimeControl "180+2"]
[Date "2023.06.20"]
[WhiteClock "0:01:12"]
[BlackClock "0:00:51"]
[Board "63"]

1. d4 d5 2. c4 e6 3. Nc3 c5 4. cxd5 exd5 5. Nf3 Nc6 6. e3 Nf6 7. Bb5 Bd7 8. O-O a6 9. Be2 c4 10. Ne5 Bd6 11. Nxd7 Qxd7 12. Bf3 Bb4 13. Bd2 O-O 14. Rc1 Bxc3 15. bxc3 b5 16. g3 Rfe8 17. Bg2 a5 18. f3 b4 19. Re1 Rab8 20. e4 b3 21. e5 b2 22. Rb1 a4 23. Qxa4 Nxe5 24. Qxd7 Nexd7 25. Rxe8+ Nxe8 26. Kf1 Rb7 27. Ke1 Nd6 28. Kd1 f5 29. Kc2 Nb5 30. Rxb2 Na3+ 31. Kc1 Rxb2 32. Kxb2 Nb5 33. a4 Nc7 34. Bf4 Ne6 35. Bd6 Kf7 36. f4 Ke8 37. Bxd5 1-0


[Site "https://www.chess.com"]

[Event "Titled Tuesday Blitz June 20 Early 2023"]
[White "Degenbaev, Aziz"]
[Black "Narayanan.S.L"]
[WhiteFideId "13802640"]
[BlackFideId "5058422"]
[WhiteElo "2152"]
[BlackElo "2563"]
[Result "0-1"]
[Round "7"]
[TimeControl "180+2"]
[Date "2023.06.20"]
[WhiteClock "0:00:44"]
[BlackClock "0:02:39"]
[Board "64"]

1. e4 c6 2. d4 d5 3. e5 Bf5 4. Nd2 h5 5. Nb3 a5 6. a4 Na6 7. c3 e6 8. Nf3 Ne7 9. Be2 Bg6 10. O-O Nf5 11. Bd2 Be7 12. h3 h4 13. Ne1 O-O 14. Nd3 b6 15. Nf4 Bh7 16. Kh2 c5 17. g4 hxg3+ 18. fxg3 cxd4 19. cxd4 Nb4 20. Ng2 Rc8 21. Bg4 Nc2 22. Rc1 Ncxd4 23. Nxd4 Nxd4 24. Rxc8 Qxc8 25. Bxa5 bxa5 26. Qxd4 Qc2 27. Rf2 Bc5 28. Rxc2 Bxd4 29. Re2 Rb8 30. Nf4 Rxb2 31. Rxb2 Bxb2 32. Ne2 Bxe5 0-1


[Site "https://www.chess.com"]

[Event "Titled Tuesday Blitz June 20 Early 2023"]
[White "Indjic, Aleksandar"]
[Black "Parpiev, Isaak"]
[WhiteFideId "911925"]
[BlackFideId "34281576"]
[WhiteElo "2614"]
[BlackElo "2167"]
[Result "1-0"]
[Round "7"]
[TimeControl "180+2"]
[Date "2023.06.20"]
[WhiteClock "0:00:59"]
[BlackClock "0:00:00"]
[Board "65"]

1. Nf3 Nf6 2. g3 c5 3. Bg2 Nc6 4. d3 d5 5. O-O g6 6. c4 d4 7. e3 Bg7 8. exd4 cxd4 9. Re1 O-O 10. Nbd2 a5 11. Ne5 Nxe5 12. Rxe5 Bf5 13. Qe2 Nd7 14. Rb5 Rb8 15. a3 b6 16. b4 e5 17. Ne4 h6 18. Bd2 a4 19. Qd1 Nf6 20. Rxe5 Nxe4 21. Rxe4 Bxe4 22. Bxe4 Qd7 23. b5 Rfe8 24. Bc6 Qf5 25. Bf4 Be5 26. Bxe8 Bxf4 27. Bc6 Bd6 28. Be4 Qf6 29. Qxa4 Re8 30. Qd1 h5 31. a4 Bb4 32. a5 bxa5 33. Qf3 Qxf3 34. Bxf3 Rb8 35. Bd5 Kf8 36. Kf1 f6 37. Ke2 Ke7 38. Bc6 Kd6 39. Kd1 Kc5 40. Kc2 Bc3 41. Ra4 g5 42. Kb3 h4 43. Ra2 hxg3 44. fxg3 Rh8 45. Rf2 Bb4 46. Be4 Rh6 47. Ka4 Kb6 48. h4 gxh4 49. gxh4 Bc5 50. h5 Bb4 51. Bg6 Be7 52. Rf5 1-0


[Site "https://www.chess.com"]

[Event "Titled Tuesday Blitz June 20 Early 2023"]
[White "Aldokhin, Ivan"]
[Black "Demidov, Mikhail"]
[WhiteFideId "24115720"]
[BlackFideId "4197143"]
[WhiteElo "2322"]
[BlackElo "2500"]
[Result "0-1"]
[Round "7"]
[TimeControl "180+2"]
[Date "2023.06.20"]
[WhiteClock "0:00:01"]
[BlackClock "0:00:43"]
[Board "66"]

1. e4 Nf6 2. e5 Nd5 3. Nc3 c6 4. Nxd5 cxd5 5. f4 Nc6 6. d4 d6 7. c3 Bf5 8. Nf3 e6 9. Bd3 Bg6 10. O-O Be7 11. Be3 O-O 12. Bxg6 hxg6 13. exd6 Bxd6 14. Ne5 Nb8 15. Qg4 Nd7 16. Rf3 Nf6 17. Qh4 Ne4 18. Qe1 Bxe5 19. fxe5 b5 20. Qe2 Rb8 21. a3 a5 22. Raf1 Qd7 23. h4 b4 24. axb4 axb4 25. Rh3 bxc3 26. bxc3 Nxc3 27. Qg4 Qb5 28. h5 Qe2 29. Qxe2 Nxe2+ 30. Kf2 Nc3 31. h6 g5 32. hxg7 Kxg7 33. Kf3 Ne4 34. Kg4 Kg6 35. Rfh1 f5+ 36. exf6 Nxf6+ 37. Kg3 Ne4+ 38. Kg4 Nf6+ 39. Kg3 Rb3 40. Rh6+ Kg7 41. Kf3 Ng8+ 42. Ke2 Nxh6 0-1


[Site "https://www.chess.com"]

[Event "Titled Tuesday Blitz June 20 Early 2023"]
[White "MKlose11"]
[Black "Grandelius, Nils"]
[BlackFideId "1710400"]
[WhiteElo "2574"]
[BlackElo "2573"]
[Result "0-1"]
[Round "7"]
[TimeControl "180+2"]
[Date "2023.06.20"]
[WhiteClock "0:00:16"]
[BlackClock "0:01:38"]
[Board "67"]

1. e4 e5 2. Nf3 Nc6 3. d4 exd4 4. Bc4 g6 5. Nxd4 Bg7 6. Be3 Qf6 7. c3 Qe7 8. Nxc6 dxc6 9. Nd2 Nf6 10. f3 Nd5 11. exd5 Qxe3+ 12. Qe2 Qxe2+ 13. Kxe2 cxd5 14. Bxd5 O-O 15. Rad1 a5 16. Rhe1 a4 17. a3 Ra6 18. Kd3 Rd6 19. Kc4 Rfd8 20. Ne4 Rxd5 21. Rxd5 Be6 22. Rd1 c6 23. Kc5 cxd5 24. Nd6 Bf8 0-1


[Site "https://www.chess.com"]

[Event "Titled Tuesday Blitz June 20 Early 2023"]
[White "brm72"]
[Black "Christiansen, Johan-Sebastian"]
[BlackFideId "1512668"]
[WhiteElo "2559"]
[BlackElo "2531"]
[Result "0-1"]
[Round "7"]
[TimeControl "180+2"]
[Date "2023.06.20"]
[WhiteClock "0:00:00"]
[BlackClock "0:00:54"]
[Board "68"]

1. e4 e5 2. Nf3 Nc6 3. d4 exd4 4. Nxd4 Nf6 5. Nxc6 bxc6 6. e5 Qe7 7. Qe2 Nd5 8. h4 a5 9. c4 Nb6 10. Nd2 a4 11. Nf3 Ba6 12. Qc2 f6 13. Bd3 fxe5 14. Bg5 Qe6 15. b3 Bb4+ 16. Kf1 e4 17. Bxe4 axb3 18. Qb2 Nxc4 19. Qxg7 Rg8 20. Qxh7 b2 21. Rd1 Nd2+ 0-1


[Site "https://www.chess.com"]

[Event "Titled Tuesday Blitz June 20 Early 2023"]
[White "Maksimovic, Bojan"]
[Black "De La Villa Garcia, Jesus Maria"]
[WhiteFideId "14408120"]
[BlackFideId "2200040"]
[WhiteElo "2457"]
[BlackElo "2552"]
[Result "1-0"]
[Round "7"]
[TimeControl "180+2"]
[Date "2023.06.20"]
[WhiteClock "0:01:42"]
[BlackClock "0:00:00"]
[Board "69"]

1. e4 c6 2. d4 d5 3. Nd2 dxe4 4. Nxe4 Nf6 5. Nxf6+ exf6 6. c3 Bd6 7. Bd3 O-O 8. Qc2 Re8+ 9. Ne2 h5 10. O-O Nd7 11. Bd2 Nf8 12. Rae1 h4 13. h3 Be6 14. f4 b5 15. b3 Bd7 16. c4 bxc4 17. bxc4 Rb8 18. f5 Nh7 19. Nc3 Qc7 20. c5 Bg3 21. Rxe8+ Rxe8 22. Ne4 Qd8 23. Nxg3 hxg3 24. Bf4 Bxf5 25. Bxf5 Qxd4+ 26. Kh1 Qxf4 27. Bxh7+ Kh8 28. Bd3 Qd4 29. Qc4 Qe3 30. Qh4+ Kg8 31. Qh7+ Kf8 32. Qh8+ Ke7 33. Qxg7 Qxd3 34. Re1+ Kd8 35. Qxf6+ Kc7 36. Qxf7+ 1-0


[Site "https://www.chess.com"]

[Event "Titled Tuesday Blitz June 20 Early 2023"]
[White "Avinash Ramesh"]
[Black "Leenhouts, Koen"]
[WhiteFideId "45018340"]
[BlackFideId "1008439"]
[WhiteElo "2300"]
[BlackElo "2409"]
[Result "1-0"]
[Round "7"]
[TimeControl "180+2"]
[Date "2023.06.20"]
[WhiteClock "0:00:48"]
[BlackClock "0:00:07"]
[Board "70"]

1. d4 Nf6 2. c4 g6 3. Nf3 Bg7 4. g3 c6 5. Bg2 d5 6. cxd5 cxd5 7. O-O O-O 8. Ne5 Ng4 9. Bf4 Nxe5 10. Bxe5 Bxe5 11. dxe5 Be6 12. Nc3 Nc6 13. Bxd5 Nxe5 14. Bxe6 fxe6 15. Qb3 Qb6 16. Qxb6 axb6 17. Rfd1 Rfd8 18. a3 Kf7 19. Rxd8 Rxd8 20. Rd1 Rc8 21. Ne4 Rc2 22. Rd2 Rc1+ 23. Kg2 h6 24. h4 Ke8 25. Rd4 Rc2 26. Rb4 Rxe2 27. Kf1 Rc2 28. Rxb6 Nd3 29. Rxe6 Kf7 30. Rb6 Rxb2 31. Rxb2 Nxb2 32. Ke2 b6 33. Nc3 Ke6 34. Kf3 Ke5 35. Kg4 Kd4 36. Ne2+ Kc5 37. Nf4 Nc4 38. Nxg6 Nxa3 39. Ne5 b5 40. Kh5 Nc4 41. Nd3+ Kd4 42. Nb4 Kc5 43. Nc2 b4 44. Nxb4 Kxb4 45. Kxh6 Kc5 46. Kg6 Ne5+ 47. Kf5 Kd6 48. h5 Nf7 49. Kg6 Ke6 50. f4 Nh8+ 51. Kg7 Nf7 52. g4 Nh8 53. Kxh8 Kf7 54. Kh7 1-0


[Site "https://www.chess.com"]

[Event "Titled Tuesday Blitz June 20 Early 2023"]
[White "Sattarov, Bobir"]
[Black "Ambartsumova, Karina"]
[WhiteFideId "14203081"]
[BlackFideId "4166299"]
[WhiteElo "2351"]
[BlackElo "2240"]
[Result "1-0"]
[Round "7"]
[TimeControl "180+2"]
[Date "2023.06.20"]
[WhiteClock "0:00:23"]
[BlackClock "0:00:00"]
[Board "71"]

1. e4 e5 2. Nf3 Nc6 3. Nc3 Nf6 4. a3 d5 5. Bb5 d4 6. Ne2 Bd6 7. d3 O-O 8. Bxc6 bxc6 9. O-O Ne8 10. Nd2 g6 11. f4 exf4 12. Nxf4 f5 13. exf5 Bxf5 14. Nc4 Ng7 15. Qf3 Qd7 16. Nxd6 cxd6 17. Bd2 Rae8 18. Qg3 Re5 19. Rae1 Rfe8 20. Rxe5 dxe5 21. Ne2 e4 22. dxe4 Bxe4 23. Qf2 d3 24. cxd3 Bxd3 25. Re1 Nf5 26. Nf4 Rxe1+ 27. Qxe1 Qd4+ 28. Kh1 Qe4 29. Nxd3 Qxd3 30. Bc3 Ne3 31. h3 Qe4 32. Qe2 Qb1+ 33. Qe1 Qe4 34. Qg1 a6 35. Bd2 Nf5 36. Qf2 Qb1+ 37. Kh2 Qxb2 38. Qf4 Qd4 39. Qb8+ Kf7 40. Bf4 Qd7 41. Qh8 Ke6 42. Qe5+ Kf7 43. Qh8 Ke6 44. Qg8+ Qf7 45. Qc8+ Qd7 46. Qxa6 1-0


[Site "https://www.chess.com"]

[Event "Titled Tuesday Blitz June 20 Early 2023"]
[White "Cherniaiev, Tykhon"]
[Black "Berezin, Viktor"]
[WhiteFideId "14182360"]
[BlackFideId "14107872"]
[WhiteElo "2450"]
[BlackElo "2310"]
[Result "1/2-1/2"]
[Round "7"]
[TimeControl "180+2"]
[Date "2023.06.20"]
[WhiteClock "0:00:10"]
[BlackClock "0:00:08"]
[Board "72"]

1. Nf3 Nf6 2. d4 g6 3. g3 Bg7 4. Bg2 O-O 5. O-O d6 6. c4 Nc6 7. Nc3 a6 8. b3 Rb8 9. a4 a5 10. Bb2 Bg4 11. h3 Bxf3 12. Bxf3 e5 13. dxe5 Nxe5 14. Bg2 Nc6 15. Qd2 Nd7 16. Nd5 Nc5 17. Bxg7 Kxg7 18. Qc3+ f6 19. Rad1 Ne7 20. Nf4 Nc6 21. Bxc6 bxc6 22. Qxa5 Qe7 23. Rb1 Nxb3 24. Qc3 Nc5 25. a5 Qe4 26. Nd3 Na6 27. h4 Rfe8 28. e3 h6 29. Rbd1 g5 30. h5 Qf3 31. Qd4 Qxh5 32. Qa7 Ra8 33. Qb7 Qf3 34. Qb2 h5 35. Ne1 Qe4 36. Rd4 Qe6 37. Nf3 Rab8 38. Qc3 Nc5 39. a6 Nxa6 40. Qa5 Rb6 41. Qc3 Nc5 42. Rdd1 Ne4 43. Qd4 Qg4 44. Nh2 Qf5 45. c5 Nxc5 46. g4 hxg4 47. Qd2 Ne4 48. Qe2 g3 49. fxg3 Qh3 50. Qf3 Qxg3+ 51. Qxg3 Nxg3 52. Rf3 Ne4 53. Rdf1 Rb2 54. Ng4 Re6 55. Rh3 Kg6 56. Rh6+ Kg7 57. Rh3 Re2 58. Ra1 c5 59. Ra7 Re7 60. Nh6 Kg6 61. Ng8 Rg7 62. Rh6+ Kf5 63. Rh8 Kg4 64. Nh6+ Kg3 65. Ra1 Kf3 66. Rf1+ Rf2 67. Rxf2+ Nxf2 68. Nf5 Rf7 69. Rh2 Ng4 70. Rh3+ Ke4 71. Ng3+ Ke5 72. Kf1 Nxe3+ 73. Ke2 Nf5 74. Nh5 Rh7 75. Kf3 Ng7 76. Rh1 Rxh5 77. Re1+ Kf5 78. Re7 Kg6 79. Rxc7 Rh3+ 80. Kg2 Rh4 81. Rd7 Rd4 82. Rc7 Nf5 83. Kf3 c4 84. Rc8 d5 85. Rg8+ Kf7 86. Rc8 Rd3+ 87. Ke2 Rd4 88. Kf3 Kg6 89. Rg8+ Kh5 90. Rh8+ Kg6 91. Rg8+ 1/2-1/2


[Site "https://www.chess.com"]

[Event "Titled Tuesday Blitz June 20 Early 2023"]
[White "Gavrilov, Maxim"]
[Black "Srihari L R"]
[WhiteFideId "24271454"]
[BlackFideId "46617116"]
[WhiteElo "1969"]
[BlackElo "2334"]
[Result "0-1"]
[Round "7"]
[TimeControl "180+2"]
[Date "2023.06.20"]
[WhiteClock "0:00:00"]
[BlackClock "0:00:53"]
[Board "73"]

1. d4 g6 2. c4 Bg7 3. Nf3 d6 4. g3 f5 5. Bg2 Nf6 6. O-O O-O 7. Nc3 c6 8. d5 e5 9. dxe6 Bxe6 10. b3 Na6 11. Bb2 Qe7 12. Qd2 Rad8 13. Rad1 Nc5 14. Nd4 Bc8 15. Rfe1 Nce4 16. Nxe4 Nxe4 17. Qc2 Rfe8 18. Nf3 Nf6 19. Nd2 d5 20. cxd5 Nxd5 21. Bxg7 Qxg7 22. e4 Qc3 23. Qb1 Nf6 24. Nc4 Rxd1 25. Qxd1 fxe4 26. Re3 Qb4 27. f3 Qc5 28. Qd6 Qxd6 29. Nxd6 Rd8 30. Nxe4 Nxe4 31. Rxe4 Kf7 32. Kf2 Bf5 33. Re2 Rd1 34. g4 Bd3 35. Rb2 Ba6 36. f4 h6 37. h3 c5 38. Rc2 b6 39. Rb2 Kf6 40. Bf3 Rd3 41. Be2 Rxh3 42. Kg2 Bxe2 43. Kxh3 Bd3 44. Kg3 b5 45. Kf3 h5 46. Ke3 c4 47. bxc4 bxc4 48. gxh5 gxh5 49. Rb7 h4 50. Rxa7 h3 51. Kf2 c3 52. Rc7 c2 53. Kg3 Bf5 54. Rc6+ Ke7 55. Rc5 Kd6 56. Rc3 Kd5 57. a4 Kd4 58. Rc7 Bd3 59. a5 Bc4 60. Rd7+ Kc3 61. a6 c1=Q 62. a7 Qe3+ 63. Kg4 Be6+ 64. f5 Qe4+ 65. Kg3 Bxd7 0-1


[Site "https://www.chess.com"]

[Event "Titled Tuesday Blitz June 20 Early 2023"]
[White "Kuzmin, Roman"]
[Black "Rahman, Masruri"]
[WhiteFideId "44134932"]
[BlackFideId "7101163"]
[WhiteElo "2122"]
[BlackElo "2256"]
[Result "0-1"]
[Round "7"]
[TimeControl "180+2"]
[Date "2023.06.20"]
[WhiteClock "0:01:57"]
[BlackClock "0:02:27"]
[Board "74"]

1. e4 e6 2. d4 d5 3. Nc3 Bb4 4. e5 c5 5. a3 Bxc3+ 6. bxc3 Qc7 7. Qg4 f5 8. Qg3 Nc6 9. Nf3 cxd4 10. cxd4 Nge7 11. h4 O-O 12. Bh6 Rf7 13. Bd2 f4 14. Qg4 Nxd4 15. Nxd4 Qxe5+ 16. Kd1 Qxd4 17. c3 Qa4+ 18. Ke1 e5 19. Qh5 Bf5 20. g4 Qe4+ 0-1


[Site "https://www.chess.com"]

[Event "Titled Tuesday Blitz June 20 Early 2023"]
[White "Fus, Jakub"]
[Black "Garcia, Erick"]
[WhiteFideId "1193023"]
[BlackFideId "2058880"]
[WhiteElo "2335"]
[BlackElo "2202"]
[Result "1-0"]
[Round "7"]
[TimeControl "180+2"]
[Date "2023.06.20"]
[WhiteClock "0:00:40"]
[BlackClock "0:01:39"]
[Board "75"]

1. e4 e5 2. Nf3 Nc6 3. Bb5 a6 4. Ba4 Nf6 5. O-O b5 6. Bb3 Bc5 7. c3 d6 8. d4 Bb6 9. Be3 O-O 10. Nbd2 Bg4 11. h3 Bh5 12. dxe5 Bxe3 13. exf6 Bxd2 14. fxg7 Kxg7 15. Qxd2 Bxf3 16. gxf3 Ne5 17. Qe3 Qh4 18. f4 Ng6 19. Qg3 Qxf4 20. Rae1 Rae8 21. Qxf4 Nxf4 22. Kh2 Kf6 23. Rg1 Rg8 24. Rg3 Rg6 25. Rf3 Ke5 26. Bxf7 Rg2+ 27. Kh1 Rf8 28. Rxf4 Kxf4 29. Kxg2 Rxf7 30. Re3 Rg7+ 31. Kf1 Re7 32. Kg2 Rxe4 33. Rf3+ Ke5 34. Rf7 c5 35. Rxh7 Kd5 36. Kf1 b4 37. cxb4 Rxb4 38. b3 c4 39. Rh5+ Kc6 40. bxc4 Rxc4 41. Ra5 Kb6 42. Ra3 a5 43. Kg2 a4 44. Kg3 Kb5 45. h4 Kb4 46. Rd3 a3 47. h5 Rc2 48. h6 Rc8 49. Kg4 Kc4 50. Rxd6 Kc3 51. Re6 Kb2 52. Re2+ Kb1 53. f4 1-0


[Site "https://www.chess.com"]

[Event "Titled Tuesday Blitz June 20 Early 2023"]
[White "Rodchenkov, Sergey D."]
[Black "Marek, Matyas"]
[WhiteFideId "4168712"]
[BlackFideId "335398"]
[WhiteElo "2277"]
[BlackElo "2302"]
[Result "0-1"]
[Round "7"]
[TimeControl "180+2"]
[Date "2023.06.20"]
[WhiteClock "0:00:01"]
[BlackClock "0:00:27"]
[Board "76"]

1. e4 c5 2. Nf3 d6 3. d4 cxd4 4. Nxd4 Nf6 5. Nc3 Nc6 6. Bg5 e6 7. Qd3 Bd7 8. O-O-O a6 9. Nxc6 Bxc6 10. Qg3 Qa5 11. Bxf6 gxf6 12. Kb1 Rc8 13. Bc4 Bd7 14. Bb3 h5 15. Rhe1 h4 16. Qf3 Be7 17. Qe3 Qc5 18. Qe2 b5 19. f4 a5 20. a4 bxa4 21. Bxa4 Bxa4 22. Nxa4 Qb4 23. b3 Rb8 24. Ka2 Kd7 25. Qd2 Rhc8 26. Qxb4 Rxb4 27. c3 Rb5 28. c4 Rb4 29. Rd3 Kc6 30. g3 Rg8 31. Red1 hxg3 32. Rxg3 Rbb8 33. Rdg1 Rh8 34. R1g2 Rh4 35. Rg7 Rf8 36. Rf2 f5 37. exf5 Bf6 38. Rgg2 exf5 39. Nb2 Re8 40. Nd1 Re4 41. Kb1 Rexf4 42. Ne3 Rxf2 43. Rxf2 f4 44. Nd5 Be5 45. Kc2 Kc5 46. Rf1 Rxh2+ 47. Kd3 Rh3+ 48. Ke4 Rxb3 49. Ra1 Bxa1 0-1


[Site "https://www.chess.com"]

[Event "Titled Tuesday Blitz June 20 Early 2023"]
[White "Shapiro, Viktor"]
[Black "Nagare Kaivalya Sandip"]
[WhiteFideId "4175700"]
[BlackFideId "25957929"]
[WhiteElo "2212"]
[BlackElo "2024"]
[Result "0-1"]
[Round "7"]
[TimeControl "180+2"]
[Date "2023.06.20"]
[WhiteClock "0:01:45"]
[BlackClock "0:01:25"]
[Board "77"]

1. Nf3 d5 2. g3 Bg4 3. Bg2 Nd7 4. O-O e6 5. d3 Bd6 6. Nbd2 Ne7 7. c4 O-O 8. a3 c5 9. b4 cxb4 10. axb4 Bxb4 11. Ba3 Bxa3 12. Rxa3 Bxf3 13. Bxf3 Ne5 14. Bg2 dxc4 15. Nxc4 Nxc4 16. dxc4 Qc7 17. Qb3 Nc6 18. Rb1 b6 19. Qa4 Rfc8 20. e3 Rab8 21. Rd1 Na5 22. Rc3 b5 23. Qa1 Nxc4 24. Rdc1 a5 25. Bf1 h5 26. Bxc4 bxc4 27. Rxc4 Qxc4 28. Rxc4 Rxc4 29. Qxa5 g6 30. h3 Rc2 31. Kg2 Rbb2 32. Qe1 Kg7 33. g4 hxg4 34. hxg4 Rxf2+ 35. Qxf2 Rxf2+ 36. Kxf2 Kf6 37. Kf3 Ke5 38. Kf2 Ke4 39. Ke2 g5 40. Kf2 f5 41. gxf5 exf5 42. Ke2 g4 43. Kf2 g3+ 44. Kxg3 Kxe3 45. Kg2 f4 46. Kf1 Kf3 0-1


[Site "https://www.chess.com"]

[Event "Titled Tuesday Blitz June 20 Early 2023"]
[White "Timerkhanov, Alexander"]
[Black "Camilla_Lee"]
[WhiteFideId "24177938"]
[WhiteElo "2278"]
[BlackElo "2523"]
[Result "1-0"]
[Round "7"]
[TimeControl "180+2"]
[Date "2023.06.20"]
[WhiteClock "0:00:57"]
[BlackClock "0:01:19"]
[Board "78"]

1. d4 Nf6 2. Bg5 g6 3. Bxf6 exf6 4. e3 f5 5. g3 d5 6. Bg2 c6 7. Ne2 Bg7 8. Nd2 O-O 9. O-O Be6 10. Rc1 b5 11. b3 b4 12. c4 bxc3 13. Rxc3 Qb6 14. Qc1 Rc8 15. Nf4 Na6 16. a3 Rc7 17. b4 Rac8 18. Nb3 Bf8 19. Na5 Nb8 20. Qc2 Bd6 21. Rc1 Bd7 22. h4 Bxf4 23. gxf4 h5 24. Bxd5 Qb5 25. Bg2 Be8 26. Rc5 Qb6 27. d5 Rd7 28. dxc6 Rd6 29. Nc4 1-0


[Site "https://www.chess.com"]

[Event "Titled Tuesday Blitz June 20 Early 2023"]
[White "Haug, Havard"]
[Black "Bruedigam, Martin"]
[WhiteFideId "1547887"]
[BlackFideId "24608033"]
[WhiteElo "2396"]
[BlackElo "2331"]
[Result "0-1"]
[Round "7"]
[TimeControl "180+2"]
[Date "2023.06.20"]
[WhiteClock "0:00:27"]
[BlackClock "0:00:45"]
[Board "79"]

1. e4 c6 2. d4 d5 3. exd5 cxd5 4. Bd3 Nf6 5. c3 Nc6 6. h3 g6 7. Nf3 Bf5 8. Be2 Bg7 9. O-O O-O 10. Re1 Rc8 11. a4 a6 12. Bf1 Qc7 13. Nbd2 Rfd8 14. Nb3 Ne4 15. Be3 Qb6 16. a5 Qc7 17. Bd3 Nd6 18. Nc5 Bxd3 19. Qxd3 Nxa5 20. Bg5 Nc6 21. h4 Re8 22. h5 a5 23. h6 Bh8 24. Bf4 b6 25. Na4 Rb8 26. b3 Rb7 27. Re2 Qd7 28. Bxd6 Qxd6 29. Rae1 e6 30. Qb5 Reb8 31. Ne5 Nxe5 32. dxe5 Qf8 33. c4 dxc4 34. bxc4 Qxh6 35. Rd1 Qh5 36. Red2 Bxe5 37. Rd8+ Kg7 38. Qe8 Qxd1+ 39. Rxd1 Rxe8 40. Rb1 Bd4 41. c5 Reb8 42. cxb6 Bxb6 43. Rc1 Bd4 44. Rd1 e5 0-1


[Site "https://www.chess.com"]

[Event "Titled Tuesday Blitz June 20 Early 2023"]
[White "Seemann, Jakub"]
[Black "Baches Garcia, Guillermo"]
[WhiteFideId "21874697"]
[BlackFideId "2209764"]
[WhiteElo "2364"]
[BlackElo "2496"]
[Result "1-0"]
[Round "7"]
[TimeControl "180+2"]
[Date "2023.06.20"]
[WhiteClock "0:01:26"]
[BlackClock "0:00:00"]
[Board "80"]

1. b3 d5 2. Bb2 Bf5 3. Nf3 e6 4. e3 h6 5. c4 Nf6 6. Be2 c6 7. O-O Bd6 8. d3 O-O 9. Nbd2 Bh7 10. cxd5 exd5 11. Ne5 Nbd7 12. Ndf3 Re8 13. Nxd7 Nxd7 14. Rc1 Ne5 15. Nxe5 Bxe5 16. Qd2 Qd6 17. Bxe5 Rxe5 18. b4 a6 19. a4 Rae8 20. Qb2 Rg5 21. Qd4 Bf5 22. Rfe1 Bh3 23. g3 Rge5 24. Rc5 h5 25. b5 axb5 26. axb5 Bd7 27. bxc6 bxc6 28. Ra5 Qf6 29. Rb1 h4 30. Qxh4 Qxh4 31. gxh4 Bh3 32. Bf1 Bxf1 33. Kxf1 R8e6 34. Rb4 g6 35. Rc5 Rf5 36. Ke2 Kg7 37. Rg4 Kh6 38. f4 d4 39. Re5 Rexe5 40. fxe5 dxe3 41. d4 c5 42. dxc5 Rxe5 43. Rc4 Re7 44. c6 Rc7 45. Kxe3 Kh5 46. Kf3 f5 47. Kg3 Kh6 48. Kf4 Kh5 49. Ke5 1-0


[Site "https://www.chess.com"]

[Event "Titled Tuesday Blitz June 20 Early 2023"]
[White "Moskvin, Anatoly"]
[Black "ATM622"]
[WhiteFideId "24199990"]
[WhiteElo "2104"]
[BlackElo "2619"]
[Result "0-1"]
[Round "7"]
[TimeControl "180+2"]
[Date "2023.06.20"]
[WhiteClock "0:00:40"]
[BlackClock "0:02:09"]
[Board "81"]

1. e4 c6 2. c4 d5 3. exd5 cxd5 4. cxd5 Nf6 5. Nc3 Nxd5 6. Nf3 Nc6 7. Bb5 e6 8. O-O Be7 9. d4 O-O 10. Re1 h6 11. Bd3 b6 12. Bc2 Ba6 13. Nxd5 exd5 14. a3 Rc8 15. Bf4 Bd6 16. Bxd6 Qxd6 17. Ne5 Nxd4 18. Qxd4 Rxc2 19. Qa4 Qc5 20. Qxa6 Qxf2+ 0-1


[Site "https://www.chess.com"]

[Event "Titled Tuesday Blitz June 20 Early 2023"]
[White "Bauman_Guy"]
[Black "Santos Flores, Alberto"]
[BlackFideId "3601234"]
[WhiteElo "2619"]
[BlackElo "2235"]
[Result "1-0"]
[Round "7"]
[TimeControl "180+2"]
[Date "2023.06.20"]
[WhiteClock "0:00:40"]
[BlackClock "0:00:13"]
[Board "82"]

1. e4 c5 2. Nf3 Nc6 3. d4 cxd4 4. Nxd4 g6 5. c4 Nf6 6. Nc3 d6 7. Nc2 Bg7 8. Be2 O-O 9. O-O Be6 10. Be3 a6 11. Qd2 Qa5 12. f3 Rfc8 13. Rfd1 Rab8 14. Nd5 Qxd2 15. Rxd2 b5 16. Nb6 Rc7 17. cxb5 axb5 18. Bxb5 Ne5 19. a4 Nc4 20. Nxc4 Bxc4 21. Na3 Be6 22. Rc2 Rxc2 23. Nxc2 Nd7 24. Nd4 Nc5 25. Nxe6 fxe6 26. Bxc5 dxc5 27. Ra2 Bd4+ 28. Kf1 Kf7 29. b3 e5 30. Bc4+ Ke8 31. a5 Ra8 32. a6 Ra7 33. g3 Kd7 34. Kg2 Kc6 35. Kh3 Kb6 36. Kg4 h6 37. h4 Be3 38. h5 gxh5+ 39. Kxh5 e6 40. Re2 Bc1 41. Re1 Bd2 42. Rd1 Be3 43. Rd6+ Ka5 44. Rxe6 Rg7 45. Rxe5 Rxg3 46. a7 1-0


[Site "https://www.chess.com"]

[Event "Titled Tuesday Blitz June 20 Early 2023"]
[White "Domingo Nunez, Ruben"]
[Black "Womacka, Mathias"]
[WhiteFideId "22245570"]
[BlackFideId "4611390"]
[WhiteElo "2404"]
[BlackElo "2377"]
[Result "0-1"]
[Round "7"]
[TimeControl "180+2"]
[Date "2023.06.20"]
[WhiteClock "0:00:00"]
[BlackClock "0:00:21"]
[Board "83"]

1. Nf3 c5 2. e4 d6 3. d4 cxd4 4. c3 dxc3 5. Nxc3 Nc6 6. Bc4 a6 7. O-O Nf6 8. h3 e6 9. Qe2 Be7 10. Rd1 Bd7 11. Bf4 Qb8 12. Rac1 O-O 13. Bb3 b5 14. Nd5 exd5 15. exd5 Ne5 16. Nxe5 dxe5 17. Bxe5 Bd6 18. Bxf6 gxf6 19. Bc2 f5 20. Rd4 Be5 21. Rh4 Bg7 22. Qe7 Qd8 23. Qb4 Qg5 24. Rd1 Rac8 25. Bb3 Rc1 26. Rxc1 Qxc1+ 27. Kh2 Re8 28. d6 Be5+ 29. f4 Bf6 30. Bxf7+ Kxf7 31. Rxh7+ Bg7 32. Qd4 Rg8 33. Qe5 Kg6 34. Qe7 Kxh7 35. Qh4+ Kg6 36. Qg5+ Kf7 37. Qe7+ Kg6 38. Qg5+ Kh7 39. Qh5+ Bh6 40. Qf7+ Rg7 0-1


[Site "https://www.chess.com"]

[Event "Titled Tuesday Blitz June 20 Early 2023"]
[White "Begunov, Konstantin"]
[Black "Gontcharov, Vladislav"]
[WhiteFideId "4118510"]
[BlackFideId "4123492"]
[WhiteElo "1993"]
[BlackElo "2420"]
[Result "1-0"]
[Round "7"]
[TimeControl "180+2"]
[Date "2023.06.20"]
[WhiteClock "0:00:05"]
[BlackClock "0:00:00"]
[Board "84"]

1. d4 Nf6 2. c4 c5 3. Nf3 cxd4 4. Nxd4 e5 5. Nb5 d5 6. cxd5 Bc5 7. d6 O-O 8. Nc7 Ne4 9. e3 Bb4+ 10. Nd2 Qxd6 11. Nb5 Qf6 12. Qf3 Bf5 13. a3 Bxd2+ 14. Bxd2 Nxd2 15. Kxd2 Rd8+ 16. Ke1 e4 17. Qe2 Nc6 18. Qc2 Rac8 19. Nc3 Qg6 20. h3 h5 21. Rd1 Ne5 22. Rxd8+ Rxd8 23. Qa4 Nd3+ 24. Bxd3 Qxg2 25. Bxe4 Qg6 26. Qc2 Bxe4 27. Qxe4 Qa6 28. Rg1 g6 29. Rg5 Qb6 30. Qc2 Qc6 31. Re5 Kg7 32. Re4 b5 33. h4 a6 34. Ke2 a5 35. Rd4 b4 36. Rxd8 Qa6+ 37. Qd3 1-0


[Site "https://www.chess.com"]

[Event "Titled Tuesday Blitz June 20 Early 2023"]
[White "Krstulovic, Alex"]
[Black "Bazilius, Augustinas"]
[WhiteFideId "760056"]
[BlackFideId "12832251"]
[WhiteElo "2311"]
[BlackElo "1980"]
[Result "0-1"]
[Round "7"]
[TimeControl "180+2"]
[Date "2023.06.20"]
[WhiteClock "0:00:05"]
[BlackClock "0:00:05"]
[Board "85"]

1. d4 Nf6 2. Nf3 g6 3. c4 Bg7 4. Nc3 d5 5. h4 dxc4 6. e4 c5 7. d5 b5 8. h5 O-O 9. hxg6 fxg6 10. d6 exd6 11. a4 b4 12. Bxc4+ Kh8 13. Nh4 Qe8 14. Nd5 Qxe4+ 15. Qe2 Re8 16. Ne3 d5 17. Bd3 Qd4 18. Nxg6+ Kg8 19. Rh4 hxg6 20. Rxd4 cxd4 21. Bxg6 Ba6 22. Qf3 Nbd7 23. Bxe8 Ne5 24. Qg3 Rxe8 25. Nf5 Nh5 26. Qh3 Nd3+ 27. Kd2 Nhf4 28. Qg4 Re2+ 29. Qxe2 Nxe2 30. Kxe2 Nxc1+ 31. Kf3 Be2+ 32. Kg3 d3 33. Rxc1 Be5+ 34. f4 d2 35. Rc8+ Kf7 36. Ne3 Bd4 37. Rc7+ Ke8 38. Kf2 d1=Q 39. Rc8+ Kd7 40. Rh8 Qf1+ 41. Kg3 Bxe3 42. Rh7+ Kc6 43. Rh4 Qf2+ 44. Kh2 Qxh4# 0-1


[Site "https://www.chess.com"]